 Dungeon Crawl Stone Soup version 0.19.1 (webtiles) character file.

1994 Firecrotchwizard the Arsonist (level 9, -5/45 HPs)
             Began as a Deep Elf Fire Elementalist on Dec 13, 2016.
             Was a Follower of Vehumet.
             Slain by an orc warrior
             ... wielding a +0 dire flail
              (16 damage)
             ... on level 5 of the Dungeon.
             The game lasted 00:30:27 (7524 turns).

Firecrotchwizard the Arsonist (DEFE)                Turns: 7524, Time: 00:30:28

Health: -5/45      AC:  5    Str:  3    XL:     9   Next: 1%
Magic:  2/21       EV: 15    Int: 22    God:    Vehumet [*.....]
Gold:   307        SH:  0    Dex: 15    Spells: 6 memorised, 6 levels left

rFire  . . .     SeeInvis .     t - +0 spear
rCold  . . .     Gourm    +     a - +1 robe
rNeg   . . .     Faith    .     (no shield)
rPois  .         Spirit   .     (no helmet)
rElec  .         Reflect  .     (no cloak)
rCorr  .         Harm     .     (no gloves)
MR     .....                    (no boots)
Stlth  ++........               d - amulet of the gourmand
                                y - +2 ring of protection
                                j - -4 ring of strength (curse)

@: no status effects
A: no striking features
a: Renounce Religion


You were on level 5 of the Dungeon.
You worshipped Vehumet.
Vehumet was aware of your devotion.
You were not hungry.

You visited 1 branch of the dungeon, and saw 7 of its levels.

You collected 307 gold pieces.

Inventory:

Hand Weapons
 e - a +1 club
 t - a +0 spear (weapon)
Armour
 a - a +1 robe (worn)
Rods
 v - a +1 rod of shadows (13/13)
   (You found it on level 4 of the Dungeon)
Jewellery
 d - an amulet of the gourmand (around neck)
 j - a cursed -4 ring of strength (left hand)
 y - a +2 ring of protection (right hand)
Wands
 o - a wand of slowing (20/48)
 C - a wand of acid (7/15)
Scrolls
 r - 2 scrolls of random uselessness
 s - 2 scrolls of identify
 u - 3 scrolls of enchant armour
 w - a scroll of fog {unknown}
 x - a scroll of teleportation {unknown}
 B - a scroll of recharging
Potions
 h - 5 potions of curing
 i - 3 potions of heal wounds
 k - 3 potions of flight {unknown}
 l - a potion of agility {unknown}
 m - 2 potions of brilliance {unknown}
 n - 2 potions of lignification {unknown}
 p - a potion of invisibility {unknown}
 z - 2 potions of ambrosia {unknown}
 A - a potion of might {unknown}
 D - a potion of magic {unknown}
Books
 b - a book of Flames

   Spells                             Type                      Level
   a - Flame Tongue                   Conjuration/Fire             1
   b - Throw Flame                    Conjuration/Fire             2
   c - Conjure Flame                  Conjuration/Fire             3
   d - Inner Flame                    Hexes/Fire                   3
   e - Sticky Flame                   Conjuration/Fire             4
   f - Fireball                       Conjuration/Fire             5
Comestibles
 c - 7 bread rations
 f - 2 beef jerkies
 g - 4 meat rations
 q - 4 fruits
 E - a slice of pizza


   Skills:
 + Level 5.6 Dodging
 - Level 2.4 Stealth
 + Level 7.0 Spellcasting
 * Level 6.8 Conjurations
 * Level 8.0 Fire Magic
 + Level 3.6 Evocations


You had 6 spell levels left.
You knew the following spells:

 Your Spells              Type           Power        Failure   Level  Hunger
a - Flame Tongue          Conj/Fire      #####        1%          1    None
b - Throw Flame           Conj/Fire      #####.       1%          2    None
c - Conjure Flame         Conj/Fire      #####...     1%          3    None
d - Sticky Flame          Conj/Fire      #####...     4%          4    ###....
e - Fireball              Conj/Fire      #####.....   12%         5    #####..
f - Magic Dart            Conj           ####         1%          1    None


Dungeon Overview and Level Annotations

Branches:
Dungeon (7/15)             Temple (0/1) D:5

Altars:
Cheibriados
Gozag
Ru
Vehumet


Message History

You hear an angry hiss.
You hear an angry buzzing noise. x2; You hear a shout!
You hear a loud, deep croak!
The orc warrior barely misses you.
The orc warrior hits you with a dire flail!
* * * LOW HITPOINT WARNING * * *
Found a robe.
There is a stone staircase leading up, spattered with blood here.
The leopard gecko zombie barely misses you.
The orc warrior closely misses you.
You climb upwards.
There is a stone staircase leading down here.
Casting: Fireball
Confirm with . or Enter, or press ? or * to list all spells.
Aiming: Throw Flame
Press: ? - help, Shift-Dir - straight line, f - orc warrior
Aim: an orc warrior, wielding a dire flail and wearing a plate armour (heavily wounded)
The puff of flame hits the orc warrior.
The orc warrior is almost dead.
The orc warrior hits you with a dire flail!
You die...

#.#.....#.#..........###
#....................+..
###.....#.#..........###
#..#..#.#.#.......## #
#..##.#.#.##.....## #
#.........###...##
#.......### ##'##
#####o### #.# #@# #.#
#.# ##.## #.#
##...######
#.######.........#
#......##...#.....
######.###.##.##.#
#.###.##.##.#
#........##.#
#####.#####.#


You could see an orc warrior.

Vanquished Creatures
  Grinder (D:5)
  A soldier ant (D:7)
  Duvessa (D:5)
  2 phantoms (D:5)
  An orc warrior (D:7)
  4 ogres
  A centaur (D:7)
  2 bullfrogs
  Dowan (D:5)
  A water moccasin zombie (D:7)
  2 killer bees
  2 crimson imps
  A bullfrog zombie (D:3)
  A jelly (D:7)
  2 bullfrog skeletons
  2 hounds
  A worker ant (D:6)
  A hound skeleton (D:7)
  10 adders
  6 gnolls (D:3)
  A howler monkey skeleton (D:4)
  2 shadow imps
  2 oozes (D:2)
  3 worms
  2 dart slugs
  3 leopard geckos
  18 orcs
  4 bats
  2 giant cockroaches
  12 goblins
  7 hobgoblins
  6 jackals
  4 ball pythons
  6 frilled lizards
  6 kobolds
  A quokka skeleton (D:6)
  A quokka zombie (D:7)
  6 rats
129 creatures vanquished.

Notes
Turn   | Place    | Note
-------+----------+-------------------------------------------
     0 | D:1      | Firecrotchwizard the Deep Elf Fire Elementalist began the quest for the Orb.
     0 | D:1      | Reached XP level 1. HP: 10/10 MP: 6/6
   162 | D:1      | Reached XP level 2. HP: 15/15 MP: 2/8
   166 | D:1      | Learned a level 2 spell: Throw Flame
  1017 | D:2      | Reached XP level 3. HP: 19/19 MP: 4/9
  1149 | D:2      | Reached skill level 4 in Fire Magic
  1821 | D:2      | Reached XP level 4. HP: 24/24 MP: 7/11
  1937 | D:2      | Learned a level 3 spell: Conjure Flame
  1942 | D:2      | Learned a level 4 spell: Sticky Flame
  2562 | D:3      | Reached XP level 5. HP: 28/28 MP: 10/13
  2733 | D:3      | Reached skill level 5 in Fire Magic
  2787 | D:3      | Found a snail-covered altar of Cheibriados.
  3278 | D:3      | Found a radiant altar of Vehumet.
  3278 | D:3      | Found an opulent altar of Gozag.
  3279 | D:3      | Found a sacrificial altar of Ru.
  3285 | D:3      | Became a worshipper of Vehumet
  3610 | D:4      | Reached XP level 6. HP: 32/32 MP: 12/15
  4529 | D:5      | Entered Level 5 of the Dungeon
  4637 | D:5      | Reached skill level 5 in Spellcasting
  4754 | D:5      | Reached skill level 6 in Fire Magic
  4754 | D:5      | Reached XP level 7. HP: 36/36 MP: 2/16
  4756 | D:5      | Reached * piety under Vehumet
  4756 | D:5      | Offered knowledge of Magic Dart by Vehumet.
  4763 | D:5      | Learned a level 5 spell: Fireball
  4876 | D:5      | Reached skill level 1 in Evocations
  5008 | D:5      | Found a staircase to the Ecumenical Temple.
  5307 | D:5      | Noticed Grinder
  5314 | D:5      | Killed Grinder
  5314 | D:5      | Reached skill level 5 in Conjurations
  5626 | D:5      | Reached XP level 8. HP: 41/41 MP: 9/18
  5786 | D:5      | Learned a level 1 spell: Magic Dart
  5892 | D:5      | Noticed Duvessa
  5892 | D:5      | Noticed Dowan
  5905 | D:5      | Killed Duvessa
  5905 | D:5      | Reached skill level 7 in Fire Magic
  5919 | D:5      | Killed Dowan
  6048 | D:5      | Identified a +1 rod of shadows (13/13) (You found it on level 4 of the Dungeon)
  6304 | D:6      | Reached skill level 5 in Dodging
  7406 | D:7      | Reached skill level 8 in Fire Magic
  7406 | D:7      | Reached XP level 9. HP: 31/45 MP: 12/21
  7524 | D:5      | Slain by an orc warrior

Skill      XL: |  1  2  3  4  5  6  7  8 |
---------------+-------------------------+-----
Fire Magic     | 4 5 6 8 |  8.0
Conjurations   | 2 3 4 5 6 |  6.8
Dodging        | 3 4 5 |  5.6
Spellcasting   | 4 5 7 |  7.0
Evocations     | 2 3 |  3.6
Stealth        | |  2.4

Action                   |  1- 3 |  4- 6 |  7- 9 || total
-------------------------+-------+-------+-------++-------
Melee: Spear             |       |     1 |       ||     1
 Cast: Flame Tongue      |    68 |   126 |   106 ||   300
       Throw Flame       |       |     7 |    29 ||    36
       Magic Dart        |       |       |    14 ||    14
       Fireball          |       |       |     6 ||     6
       Conjure Flame     |       |       |     1 ||     1
  Use: Scroll            |     5 |     3 |       ||     8
       Potion            |       |       |     1 ||     1
  Eat: Chunk             |     4 |    10 |     5 ||    19
       Meat ration       |       |       |     1 ||     1
Armor: Robe              |     9 |     7 |     7 ||    23
Dodge: Dodged            |    17 |    30 |    37 ||    84
